 Dungeon Crawl Stone Soup version 0.32-a0-135-g14f8b2e (webtiles) character file.

Game seed: 2825161598351774539

184 staltz the Insei (level 5, -2/38 HPs)
             Began as a Djinni Shapeshifter on Feb 10, 2024.
             Slain by a gnoll
             ... wielding a +0 halberd
              (12 damage)
             ... on level 3 of the Dungeon.
             The game lasted 00:08:18 (3464 turns).

staltz the Insei (Djinni Shapeshifter)              Turns: 3464, Time: 00:08:19

Health: -2/38      AC:  2    Str: 13    XL:     5   Next: 96%
Gold:   143        EV: 13    Int: 12    God:
                   SH:  0    Dex: 14

rFire   + +          .
                       - Unarmed
rCold   x . .        (no shield)
rNeg    . . .        a - +0 animal skin
rPois   ∞            (helmet currently unavailable)
rElec   .            (cloak currently unavailable)
rCorr   .            o - melded +0 pair of gloves
SInv    .            (boots unavailable)
Will    .....        (no amulet)
Stlth   ++           (no ring)
HPRegen 0.26/turn    (no ring)
MPRegen 0.00/turn

%: infuse magic (-3 HP)
@: beast-form, flying
A: beast (slay +1), flying, sickness immunity, fire resistance 2, cold
vulnerability 1, float, innate caster, HP casting, extra vitality 1
a: Begin Untransformation


You were on level 3 of the Dungeon.
You were a hulking beast.
You visited 1 branch of the dungeon, and saw 4 of its levels.

You collected 143 gold pieces.

Inventory:

Armour
 a - a +0 animal skin (worn)
 o - a +0 pair of gloves (melded)
Magical Staves
 q - a staff of fire
Talismans
 c - a beast talisman (active)
 d - a flux talisman
Scrolls
 e - a scroll of blinking {unknown}
 g - a scroll of fog {unknown}
 h - 2 scrolls of noise {unknown}
 i - a scroll of poison
 j - 2 scrolls of torment {unknown}
 l - 3 scrolls of identify {unknown}
 m - a scroll of enchant armour {unknown}
 n - a scroll of vulnerability {unknown}
 r - a scroll of enchant weapon {unknown}
 t - a scroll of amnesia {unknown}
Potions
 b - 3 potions of lignification
 f - a potion of resistance {unknown}
 k - a potion of enlightenment {unknown}
 p - a potion of might {unknown}
 s - a potion of heal wounds {unknown}


   Skills:
 + Level 1.6 Fighting
 + Level 3.1 Dodging
 + Level 1.0 Stealth
 + Level 4.8 Unarmed Combat
 + Level 3.3 Shapeshifting


You knew the following spells:

 Your Spells              Type           Power      Damage    Failure   Level
a - Magic Dart            Conj           0%         1d3       32%         1
b - Scorch                Fire           0%         2d5       45%         2
Your spell library was empty.

Dungeon Overview and Level Annotations

Branches:
Dungeon (4/15)
 Temple: D:4-7

Altars:
Ru

Annotations:
D:2 Sigmund, Terence
D:4 Ijyb


Innate Abilities, Weirdness & Mutations

You are a hulking beast.
Your limbs bulge with bestial killing power. (Slay +1)
You are flying.
You are immune to sickness and miasma.
You are immune to poison.
Your flesh is very heat resistant. (rF++)
You are vulnerable to cold. (rC-)
You float through the air rather than walking.
You learn spells naturally, not from books.
Your magical power is your life essence.
You have superior vitality. (+4 MHP)


Message History

The gnoll shouts!
The endoplasm quivers.
There is a stone staircase leading up here.
The gnoll barely misses you.
There is a stone staircase leading up here.
The gnoll attacks as it pursues you! The gnoll misses you.
The endoplasm closely misses you. The gnoll barely misses you.
There is a stone staircase leading up here.
The endoplasm completely misses you. The gnoll barely misses you.
You fly upwards.
There is a stone staircase leading down here.
Okay, then.
The gnoll hits you with a +0 halberd! The endoplasm freezes you.
You are frozen.
The gnoll hits you from afar with a +0 halberd.
The endoplasm freezes you.
You are frozen!
You feel a terrible chill!
* * * LOW HITPOINT WARNING * * *
The endoplasm attacks as it pursues you!
The endoplasm completely misses you.
The endoplasm attacks as it pursues you!
The endoplasm hits you but does no damage.
Okay, then.
You hit the endoplasm.
The endoplasm is heavily wounded.
You hit the endoplasm.
The endoplasm is almost dead.
The endoplasm hits you.
* * * LOW HITPOINT WARNING * * *
Unknown command.
You hit the endoplasm.
You kill the endoplasm!
The gnoll barely misses you.
Your Stealth skill increases to level 1!
Unknown command.
The gnoll hits you with a +0 halberd.
* * * LOW HITPOINT WARNING * * *
You barely miss the gnoll. The gnoll hits you with a +0 halberd!
You die...

##..#.#.# #####.# #.#
........#### #.# #.#
##.........# #.# #.#
#....♣.♣..# #.# #.#
##...♣.♣.♣.## #.# #.####
......♣_♣...#### #.# #.....
##...♣.♣.♣.....# #.# #####.
#....♣.♣..###.####.# #.
#.........##>.gh...#########
#.
##....#.#####.######........#
#. #....<..#
#.........######.# #.
##...#.## #..######## #.# #.
##..##.# #..## #.# #.
...##..# ##...#### #.# #.
#####..# #.......# #.# #.
##'## ##...##.# #.# #. #§(≈#
##.###.# #.# #.


You could see a gnoll.

Vanquished Creatures
  A hound (D:4)
  An iguana (D:4)
  A gnoll (D:1)
  5 adders
  3 dart slugs
  4 ribbon worms
  8 ball pythons
  5 bats
  4 endoplasms
  A giant cockroach (D:2)
  8 goblins
  7 hobgoblins
  2 jackals (D:1)
  5 kobolds (D:1)
  A quokka (D:3)
  2 frilled lizards (D:3)
  2 rats (D:1)
60 creatures vanquished.

Notes
Turn   | Place    | Note
-------+----------+-------------------------------------------
     0 | D:1      | staltz the Djinni Shapeshifter began the quest for the Orb.
     0 | D:1      | Reached XP level 1. HP: 17/17 MP: 0/0
   159 | D:2      | Reached XP level 2. HP: 21/22 MP: 0/0
   415 | D:2      | Reached XP level 3. HP: 15/27 MP: 0/0
   415 | D:2      | Learned a level 1 spell: Magic Dart
   520 | D:2      | Noticed Sigmund
   588 | D:2      | Noticed Terence
  1075 | D:1      | Reached XP level 4. HP: 29/32 MP: 0/0
  1441 | D:1      | Reached skill level 4 in Unarmed Combat
  2274 | D:3      | Reached XP level 5. HP: 31/37 MP: 0/0
  2274 | D:3      | Learned a level 2 spell: Scorch
  2491 | D:3      | Found a faded altar of an unknown god.
  2528 | D:3      | Found a sacrificial altar of Ru.
  3419 | D:4      | Noticed Ijyb
  3463 | D:3      | Reached skill level 1 in Stealth
  3464 | D:3      | Slain by a gnoll

Illustrated notes

Levels and vault maps discovered:
D:1:      mrwooster_arrival_statue, layout_basic, nrook_campfire
D:2:      layout_loops_corners, uniq_terence, uniq_sigmund
D:3:      layout_loops_ring, gammafunk_temple_overflow_statue,
          chequers_ecumenical_altar_simple_redux
D:4:      layout_rooms, minmay_temple_entry_tees, dreamdust_gnoll_farm,
          uniq_ijyb

Skill      XL: |  1  2  3  4  5 |
---------------+----------------+-----
Shapeshifting  | 3 |  3.3
Unarmed Combat | 4 |  4.8
Dodging        | 3 |  3.1
Stealth        | 1 |  1.0
Fighting       | |  1.6

Action                     |  1- 3 |  4- 6 || total
---------------------------+-------+-------++-------
  Melee: Unarmed           |    65 |   136 ||   201
         Punch             |     1 |     7 ||     8
   Cast: Magic Dart        |       |    13 ||    13
         Scorch            |       |     1 ||     1
    Use: Scroll            |       |     1 ||     1
   Stab: Sleeping          |     2 |     3 ||     5
 Armour: Animal skin       |    36 |    58 ||    94
  Dodge: Dodged            |    35 |    92 ||   127
   Form: Beast             |       |     2 ||     2
                           |       |     1 ||     1

Table legend: (Time is in decaauts)
 A = Elapsed time spent in this place.
 B = Non-inter-level travel time spent in this place.
 C = Inter-level travel time spent in this place.
 D = Time resting spent in this place.
 E = Time spent auto-exploring this place.
 F = Levels seen in this place.
 G = Mean time per level.
                   A        B        C        D        E       F      G
               +--------+--------+--------+--------+--------+-----+--------+
         Total |   3454 |   3300 |    154 |    394 |   2205 |   4 |  863.5 |
       Dungeon |   3454 |   3300 |    154 |    394 |   2205 |   4 |  863.5 |
               +--------+--------+--------+--------+--------+-----+--------+

Top non-repeatable levels by time:
     D:2: 1224 daAuts
     D:3: 1030 daAuts
     D:1: 1004 daAuts
     D:4: 195 daAuts
